[Event "95th Caplin Hastings Congress"]
[Site "Hastings"]
[Date "2019.12.28"]
[Round "1.2"]
[White "Stoyanov, Viktor"]
[Black "Edouard, Romain"]
[Result "0-1"]
[ECO "B44"]
[WhiteElo "2272"]
[BlackElo "2653"]
[Annotator "ChessBase"]
[PlyCount "52"]
[EventDate "2019.12.28"]
[EventType "swiss"]
[EventCountry "ENG"]
[SourceTitle "playchess.com"]
[Source "ChessBase"]
[SourceQuality "1"]
[TimeControl "40/6600+30:3000+30"]

1. Nf3 c5 2. c4 Nc6 3. d4 cxd4 4. Nxd4 Nf6 5. Nc3 e6 6. e4 Qc7 7. Be3 Bb4 8. Nxc6 Qxc6 9. f3 d5 10. exd5 exd5 11. Qd4 O-O 12. O-O-O Be6 13. c5 Bxc3 14. Qxc3 b6 15. Kb1 d4 16. Bxd4 Bxa2+ 17. Ka1 Qa4 18. Bb5 Qxb5 19. Kxa2 Nd5 20. Qb3 Nb4+ 21. Kb1 bxc5 22. Bc3 a5 23. Bxb4 c4 24. Qe3 axb4 25. Rd4 Qa4 26. Rhd1 c3 0-1

[Event "95th Caplin Hastings Congress"]
[Site "Hastings"]
[Date "2019.12.28"]
[Round "1.3"]
[White "Van den Doel, Erik"]
[Black "Ratsma, Midas"]
[Result "1-0"]
[ECO "B13"]
[WhiteElo "2589"]
[BlackElo "2270"]
[Annotator "ChessBase"]
[PlyCount "47"]
[EventDate "2019.12.28"]
[EventType "swiss"]
[EventCountry "ENG"]
[SourceTitle "playchess.com"]
[Source "ChessBase"]
[SourceQuality "1"]
[TimeControl "40/6600+30:3000+30"]

1. d4 d5 2. Nf3 c5 3. e3 cxd4 4. exd4 Nc6 5. Bb5 Bg4 6. O-O e6 7. h3 Bxf3 8. Qxf3 Qb6 9. c4 dxc4 10. Nc3 Bb4 11. d5 Bxc3 12. Qxc3 Nf6 13. Bxc6+ bxc6 14. dxe6 O-O 15. exf7+ Rxf7 16. Qxc4 Raf8 17. b3 Nd5 18. Ba3 Rf4 19. Qe2 Nb4 20. Rad1 Qa5 21. Qe6+ Kh8 22. Bb2 Qxa2 23. Rd2 Qa5 24. Rd7 1-0

[Event "95th Caplin Hastings Congress"]
[Site "Hastings"]
[Date "2019.12.28"]
[Round "1.4"]
[White "Lyell, Mark"]
[Black "Sengupta, Deep"]
[Result "0-1"]
[ECO "B13"]
[WhiteElo "2265"]
[BlackElo "2564"]
[Annotator "ChessBase"]
[PlyCount "52"]
[EventDate "2019.12.28"]
[EventType "swiss"]
[EventCountry "ENG"]
[SourceTitle "playchess.com"]
[Source "ChessBase"]
[SourceQuality "1"]
[TimeControl "40/6600+30:3000+30"]

1. e4 c6 2. d4 d5 3. exd5 cxd5 4. Bd3 Nc6 5. c3 Nf6 6. Bf4 Bg4 7. Qb3 Qd7 8. Nd2 e6 9. Ngf3 Bd6 10. Ne5 Qc7 11. h3 Nxe5 12. dxe5 Bxe5 13. Bxe5 Qxe5+ 14. Kf1 Bf5 15. Bxf5 Qxf5 16. Qxb7 O-O 17. Kg1 Rfb8 18. Qc6 Qc2 19. Nf3 Qxb2 20. Kh2 Rc8 21. Qa4 Rc4 22. Qb3 Qxf2 23. Rab1 Rf8 24. Rb2 Qc5 25. Rc1 Ne4 26. Rbc2 Qd6+ 0-1

[Event "95th Caplin Hastings Congress"]
[Site "Hastings"]
[Date "2019.12.28"]
[Round "1.5"]
[White "Kantor, Gergely"]
[Black "Merriman, John"]
[Result "0-1"]
[ECO "E01"]
[WhiteElo "2541"]
[BlackElo "2219"]
[Annotator "ChessBase"]
[PlyCount "122"]
[EventDate "2019.12.28"]
[EventType "swiss"]
[EventCountry "ENG"]
[SourceTitle "playchess.com"]
[Source "ChessBase"]
[SourceQuality "1"]
[TimeControl "40/6600+30:3000+30"]

1. d4 Nf6 2. c4 e6 3. g3 d5 4. Bg2 Bb4+ 5. Nd2 O-O 6. Ngf3 dxc4 7. a3 Bxd2+ 8. Bxd2 b5 9. a4 c6 10. b3 cxb3 11. Qxb3 a6 12. O-O Bb7 13. Rfd1 Nbd7 14. Ne5 Qc7 15. Nxd7 Nxd7 16. Rac1 Rac8 17. Bf4 Qb6 18. Qb4 e5 19. a5 Qc7 20. dxe5 Nxe5 21. Rc5 f6 22. h4 Rfe8 23. h5 Qf7 24. Bxe5 fxe5 25. Bf3 Re7 26. Qe4 Rce8 27. Bg4 Rf8 28. f3 Qf6 29. Kg2 g6 30. Qe3 Bc8 31. Bxc8 Rxc8 32. hxg6 hxg6 33. Rh1 Re6 34. Rc2 Rce8 35. Qa7 Qe7 36. Qxa6 e4 37. f4 Qd7 38. Qb6 e3 39. Qc5 Rd8 40. Rhc1 Ra8 41. Ra1 Ra6 42. Ra3 Kf7 43. Rd3 Qe7 44. Qc3 Ra8 45. Rc1 b4 46. Qa1 Rf6 47. Rh1 Kg7 48. Kg1 c5 49. Rd5 Rd8 50. Re5 Qd6 51. Rxe3 c4 52. Kf2 c3 53. Qa4 Qc5 54. Kf3 Qd5+ 55. Re4 b3 56. Qb4 Re8 57. a6 Qxe4+ 58. Qxe4 Rxe4 59. Kxe4 Rxa6 60. Kd3 Rc6 61. Ra1 c2 0-1

[Event "95th Caplin Hastings Congress"]
[Site "Hastings"]
[Date "2019.12.28"]
[Round "1.6"]
[White "Wall, Tim P"]
[Black "Stany, G.A."]
[Result "0-1"]
[ECO "A03"]
[WhiteElo "2218"]
[BlackElo "2526"]
[Annotator "ChessBase"]
[PlyCount "48"]
[EventDate "2019.12.28"]
[EventType "swiss"]
[EventCountry "ENG"]
[SourceTitle "playchess.com"]
[Source "ChessBase"]
[SourceQuality "1"]
[TimeControl "40/6600+30:3000+30"]

1. f4 Nf6 2. Nf3 g6 3. g3 Bg7 4. Bg2 c5 5. O-O Nc6 6. d3 d5 7. c3 O-O 8. Na3 d4 9. e4 Rb8 10. Qe2 b5 11. Bd2 e5 12. c4 b4 13. Nc2 b3 14. axb3 Rxb3 15. Bc1 exf4 16. gxf4 Ng4 17. Ra3 Qb6 18. h3 Nf6 19. Qf2 Nh5 20. Nd2 Rxa3 21. bxa3 Nd8 22. Rd1 Bd7 23. Nf1 Ba4 24. Bf3 Qb1 0-1

[Event "95th Caplin Hastings Congress"]
[Site "Hastings"]
[Date "2019.12.28"]
[Round "1.7"]
[White "Korneev, Oleg"]
[Black "Lehaci, Miruna-Daria"]
[Result "1-0"]
[ECO "D02"]
[WhiteElo "2524"]
[BlackElo "2214"]
[Annotator "ChessBase"]
[PlyCount "147"]
[EventDate "2019.12.28"]
[EventType "swiss"]
[EventCountry "ENG"]
[SourceTitle "playchess.com"]
[Source "ChessBase"]
[SourceQuality "1"]
[TimeControl "40/6600+30:3000+30"]

1. d4 Nf6 2. Nf3 e6 3. Bf4 d5 4. e3 Bd6 5. Bg3 O-O 6. Nbd2 b6 7. c3 c5 8. a4 Nc6 9. Bb5 Bb7 10. O-O a6 11. Bxc6 Bxc6 12. Bxd6 Qxd6 13. a5 Rab8 14. Ne5 Be8 15. Qc2 Nd7 16. Nxd7 Bxd7 17. Rfb1 e5 18. axb6 cxd4 19. exd4 exd4 20. Rxa6 Bb5 21. Raa1 Qxb6 22. Nf3 Rfc8 23. Qd2 dxc3 24. bxc3 Qd6 25. Nd4 Bc4 26. h3 h6 27. Rxb8 Rxb8 28. Qe3 Kh7 29. Qf3 Rb7 30. Re1 Qg6 31. Kh2 Rb6 32. Re5 Qd6 33. Qf5+ Qg6 34. Qf3 Qd6 35. Qf5+ Qg6 36. Qxg6+ Rxg6 37. Re7 Rf6 38. f3 g6 39. Nc2 Kg7 40. Nd4 Ra6 41. g4 Ra2+ 42. Kg3 Rd2 43. Re3 Bf1 44. h4 Rg2+ 45. Kf4 Kf6 46. Re5 Rh2 47. Re1 g5+ 48. Ke3 Bc4 49. h5 Ke5 50. Ra1 Ba2 51. Re1 Bc4 52. Nf5 Rc2 53. Nxh6 Kf6 54. Nf5 Rxc3+ 55. Kf2 Rd3 56. Nd6 Kg7 57. Re7 Rd2+ 58. Ke1 Ra2 59. Rxf7+ Kg8 60. Rf5 Bb3 61. Rxg5+ Kf8 62. Nf5 Rh2 63. Kf1 Ra2 64. h6 Ra7 65. Rg6 Bc2 66. Rd6 Bxf5 67. Rf6+ Kg8 68. Rxf5 Rd7 69. g5 Kh7 70. Rf6 d4 71. Ke2 d3+ 72. Kd2 Rd8 73. Rf7+ Kg6 74. Rg7+ 1-0

[Event "95th Caplin Hastings Congress"]
[Site "Hastings"]
[Date "2019.12.28"]
[Round "1.8"]
[White "Ratnesan, Ranesh"]
[Black "Howell, Chris I"]
[Result "1-0"]
[ECO "E62"]
[WhiteElo "2213"]
[BlackElo "1961"]
[Annotator "ChessBase"]
[PlyCount "91"]
[EventDate "2019.12.28"]
[EventType "swiss"]
[EventCountry "ENG"]
[SourceTitle "playchess.com"]
[Source "ChessBase"]
[SourceQuality "1"]
[TimeControl "40/6600+30:3000+30"]

1. d4 Nf6 2. c4 g6 3. g3 Bg7 4. Bg2 O-O 5. Nc3 d6 6. Nf3 Nc6 7. O-O e5 8. dxe5 dxe5 9. Bg5 Qxd1 10. Rfxd1 h6 11. Bxf6 Bxf6 12. Nd2 Ne7 13. Rac1 c6 14. b4 Bg7 15. Nde4 f5 16. Nd6 Be6 17. Nxb7 Rab8 18. Nc5 Bxc4 19. Nd7 Rxb4 20. Nxf8 Kxf8 21. e4 fxe4 22. a3 Rb3 23. Nxe4 Bd5 24. a4 Rb4 25. Nc5 e4 26. Rb1 Rc4 27. Rdc1 Rd4 28. a5 Rd2 29. Bxe4 Bd4 30. Bxd5 Bxf2+ 31. Kh1 cxd5 32. Rb7 Re2 33. Nd3 Be3 34. Rf1+ Ke8 35. Ne5 Nf5 36. Nxg6 Rf2 37. Rxf2 Bxf2 38. Nf4 Ne7 39. Kg2 Bc5 40. Ne6 Be3 41. Kf3 Bd2 42. a6 Nc6 43. Rc7 Ne5+ 44. Ke2 Ba5 45. Rxa7 Nc6 46. Rb7 1-0

[Event "95th Caplin Hastings Congress"]
[Site "Hastings"]
[Date "2019.12.28"]
[Round "1.9"]
[White "Gormally, Daniel W"]
[Black "Keetman, Maaike"]
[Result "0-1"]
[ECO "C07"]
[WhiteElo "2497"]
[BlackElo "2203"]
[Annotator "ChessBase"]
[PlyCount "114"]
[EventDate "2019.12.28"]
[EventType "swiss"]
[EventCountry "ENG"]
[SourceTitle "playchess.com"]
[Source "ChessBase"]
[SourceQuality "1"]
[TimeControl "40/6600+30:3000+30"]

1. e4 e6 2. d4 d5 3. Nd2 c5 4. exd5 Qxd5 5. Ngf3 cxd4 6. Bc4 Qd7 7. O-O Nc6 8. Nb3 a6 9. Nbxd4 Nxd4 10. Nxd4 Qc7 11. Bb3 Bd6 12. h3 Ne7 13. c3 O-O 14. Re1 Ng6 15. Qh5 Bh2+ 16. Kh1 Bf4 17. Bc2 b5 18. Bxf4 Qxf4 19. Be4 Ra7 20. Kg1 Rc7 21. g3 Qd6 22. Rad1 Qb6 23. Qg5 Bb7 24. h4 Rc5 25. Qd2 Bxe4 26. Rxe4 Rd5 27. Qe2 Rfd8 28. Re1 Nf8 29. h5 h6 30. Rg4 Nh7 31. Qe3 Rg5 32. Rxg5 Nxg5 33. f4 Nh7 34. g4 Nf6 35. Qf3 Rd5 36. Kh1 Qc7 37. Rg1 e5 38. g5 e4 39. Qh3 hxg5 40. fxg5 Qd7 41. Qh4 Nh7 42. Rg4 e3 43. Kg2 Re5 44. Kf1 Qd5 45. Qg3 Nxg5 46. h6 gxh6 47. Ke1 Re8 48. Qh4 Kh7 49. Qh2 Qxa2 50. Qc2+ Kh8 51. Nb3 e2 52. Rf4 Qa4 53. c4 Qb4+ 54. Nd2 bxc4 55. b3 Qd6 56. Qc3+ Kg8 57. Rf2 Qd3 0-1

[Event "95th Caplin Hastings Congress"]
[Site "Hastings"]
[Date "2019.12.28"]
[Round "1.10"]
[White "Brouwer, Dennis"]
[Black "Petrov, Martin"]
[Result "0-1"]
[ECO "D32"]
[WhiteElo "2202"]
[BlackElo "2497"]
[Annotator "ChessBase"]
[PlyCount "92"]
[EventDate "2019.12.28"]
[EventType "swiss"]
[EventCountry "ENG"]
[SourceTitle "playchess.com"]
[Source "ChessBase"]
[SourceQuality "1"]
[TimeControl "40/6600+30:3000+30"]

1. c4 e6 2. Nc3 Nf6 3. Nf3 c5 4. e3 d5 5. cxd5 exd5 6. d4 Nc6 7. Bb5 Be6 8. O-O Rc8 9. Ne5 Bd6 10. Nxc6 bxc6 11. Be2 h5 12. h3 Qd7 13. dxc5 Bxc5 14. Re1 Bd6 15. Bf3 Rd8 16. Qa4 Be5 17. Ne2 g5 18. Nd4 c5 19. Qxd7+ Bxd7 20. Bd1 g4 21. h4 O-O 22. Ne2 Rb8 23. Bb3 Bf5 24. Nc3 c4 25. Bd1 Rfd8 26. Ne2 Bxb2 27. Bxb2 Rxb2 28. Nd4 Bg6 29. Re2 Rdb8 30. f3 Rb1 31. Rxb1 Rxb1 32. Re1 c3 33. Kf2 g3+ 34. Ke2 Rb2+ 35. Kf1 Rf2+ 36. Kg1 Rxa2 37. Bb3 Rb2 38. Rc1 a5 39. Bd1 Nd7 40. e4 dxe4 41. f4 Nc5 42. f5 Nd3 43. Ra1 Bh7 44. Bc2 Bxf5 45. Rxa5 Bg6 46. Ra3 Nb4 0-1

[Event "95th Caplin Hastings Congress"]
[Site "Hastings"]
[Date "2019.12.28"]
[Round "1.11"]
[White "Panchanathan, Magesh Chandran"]
[Black "Snape, Ian L"]
[Result "1-0"]
[ECO "E60"]
[WhiteElo "2479"]
[BlackElo "2196"]
[Annotator "ChessBase"]
[PlyCount "69"]
[EventDate "2019.12.28"]
[EventType "swiss"]
[EventCountry "ENG"]
[SourceTitle "playchess.com"]
[Source "ChessBase"]
[SourceQuality "1"]
[TimeControl "40/6600+30:3000+30"]

1. c4 Nf6 2. Nf3 g6 3. b3 Bg7 4. Bb2 O-O 5. g3 d6 6. d4 Nbd7 7. Bg2 e5 8. dxe5 Ng4 9. O-O Ndxe5 10. Nxe5 dxe5 11. h3 Nh6 12. Nc3 c6 13. Ba3 Re8 14. Ne4 Qa5 15. Qc1 Nf5 16. e3 h5 17. Rd1 Rd8 18. Qc3 Rxd1+ 19. Rxd1 Qxa3 20. Rd8+ Kh7 21. Ng5+ Kh6 22. Nxf7+ Kh7 23. c5 Be6 24. Ng5+ Kh6 25. Nxe6 Rxd8 26. Nxd8 Qxa2 27. Be4 Qe2 28. Nxb7 h4 29. g4 Ng3 30. fxg3 hxg3 31. Qc2 Qxe3+ 32. Kg2 Bf6 33. Nd6 a5 34. Bxg6 e4 35. Nf5+ 1-0

[Event "95th Caplin Hastings Congress"]
[Site "Hastings"]
[Date "2019.12.28"]
[Round "1.12"]
[White "Brozel, Sacha"]
[Black "Swayams, Mishra"]
[Result "0-1"]
[ECO "A07"]
[WhiteElo "2188"]
[BlackElo "2479"]
[Annotator "ChessBase"]
[PlyCount "72"]
[EventDate "2019.12.28"]
[EventType "swiss"]
[EventCountry "ENG"]
[SourceTitle "playchess.com"]
[Source "ChessBase"]
[SourceQuality "1"]
[TimeControl "40/6600+30:3000+30"]

1. g3 d5 2. Nf3 Bg4 3. Bg2 Nd7 4. c4 dxc4 5. Na3 g6 6. Nxc4 c6 7. O-O Bg7 8. d4 Ngf6 9. Ne3 Bxf3 10. Bxf3 Nb6 11. b3 O-O 12. Bb2 Qd7 13. Qc2 Rfd8 14. Rad1 Qh3 15. Qc5 Qe6 16. Rd3 Ne4 17. Qc2 Nd5 18. a3 f5 19. Rfd1 Rac8 20. Qb1 Rc7 21. Bg2 Rcd7 22. Nxd5 cxd5 23. Rc1 h5 24. h4 Bh6 25. e3 g5 26. hxg5 Bxg5 27. Rc2 h4 28. f4 Bf6 29. gxh4 Bxh4 30. Bxe4 Qxe4 31. Rg2+ Kf7 32. Qd1 Rh8 33. Rc3 Ke6 34. Qc2 Qf3 35. Rc8 Qxe3+ 36. Kh1 Qe1+ 0-1

[Event "95th Caplin Hastings Congress"]
[Site "Hastings"]
[Date "2019.12.28"]
[Round "1.13"]
[White "Bagi, Mate"]
[Black "Bin-Suhayl, Ieysaa"]
[Result "1-0"]
[ECO "C11"]
[WhiteElo "2469"]
[BlackElo "2187"]
[Annotator "ChessBase"]
[PlyCount "169"]
[EventDate "2019.12.28"]
[EventType "swiss"]
[EventCountry "ENG"]
[SourceTitle "playchess.com"]
[Source "ChessBase"]
[SourceQuality "1"]
[TimeControl "40/6600+30:3000+30"]

1. e4 e6 2. d4 d5 3. Nc3 Nf6 4. e5 Nfd7 5. f4 c5 6. Nf3 Nc6 7. Be3 a6 8. Qd2 b5 9. Bd3 Qb6 10. dxc5 Bxc5 11. Bf2 Bxf2+ 12. Qxf2 Qxf2+ 13. Kxf2 O-O 14. Rhe1 Nc5 15. a3 b4 16. Ne2 f6 17. Kg3 Bd7 18. Ned4 Nxd4 19. Nxd4 Rfb8 20. Kf3 bxa3 21. bxa3 Rb2 22. Reb1 Rab8 23. Rxb2 Rxb2 24. Ke3 h6 25. g4 Kf7 26. h4 Ke7 27. g5 hxg5 28. hxg5 f5 29. Kd2 Be8 30. Kc3 Na4+ 31. Kd2 Nc5 32. Be2 a5 33. Rh1 Kf8 34. Kc1 Ra2 35. Rh3 Ra1+ 36. Kb2 Re1 37. Ka2 Bd7 38. Rc3 Ne4 39. Rc7 Ke8 40. Bb5 Bxb5 41. Nxb5 Rf1 42. Nd4 Rxf4 43. Nxe6 Rg4 44. Nxg7+ Kd8 45. Ra7 Nxg5 46. e6 Re4 47. Rd7+ Kc8 48. Rd6 Nxe6 49. Rxd5 f4 50. Nf5 Re2 51. Kb2 a4 52. Ra5 Kc7 53. Rxa4 Re5 54. Ng3 Nc5 55. Rxf4 Kb6 56. Nf5 Re2 57. Kc3 Rh2 58. Nd4 Rh3+ 59. Rf3 Rxf3+ 60. Nxf3 Kb5 61. Nd2 Ka4 62. Nb1 Kb5 63. Kd4 Ne6+ 64. Kd3 Nc5+ 65. Kc3 Ne6 66. Nd2 Ka4 67. Kb2 Nc5 68. Nb3 Ne4 69. c4 Nd6 70. Nc5+ Ka5 71. Kb3 Nf5 72. Nd3 Nd4+ 73. Kc3 Ne2+ 74. Kd2 Nd4 75. Nb2 Ne6 76. Kc3 Nc5 77. Kd4 Ne6+ 78. Kd5 Nc7+ 79. Kd6 Na6 80. c5 Kb5 81. a4+ Ka5 82. c6 Kb6 83. Nd3 Ka7 84. Nc5 Nb4 85. c7 1-0

[Event "95th Caplin Hastings Congress"]
[Site "Hastings"]
[Date "2019.12.28"]
[Round "1.14"]
[White "Gallagher, Daniel GH"]
[Black "Williams, Simon K"]
[Result "0-1"]
[ECO "B88"]
[WhiteElo "2171"]
[BlackElo "2461"]
[Annotator "ChessBase"]
[PlyCount "98"]
[EventDate "2019.12.28"]
[EventType "swiss"]
[EventCountry "ENG"]
[SourceTitle "playchess.com"]
[Source "ChessBase"]
[SourceQuality "1"]
[TimeControl "40/6600+30:3000+30"]

1. e4 c5 2. Nf3 Nc6 3. Nc3 Nf6 4. d4 cxd4 5. Nxd4 d6 6. Bc4 e6 7. Be3 a6 8. Bb3 Bd7 9. f4 b5 10. f5 Nxd4 11. Bxd4 b4 12. fxe6 fxe6 13. Ne2 e5 14. Be3 Bc6 15. Ng3 h5 16. O-O h4 17. Nh5 h3 18. Nxf6+ gxf6 19. Qg4 hxg2 20. Rf2 Qe7 21. Rxg2 Qh7 22. Qe6+ Be7 23. Bd5 Bd7 24. Rg8+ Rxg8+ 25. Qxg8+ Qxg8+ 26. Bxg8 Bc6 27. Bh7 Kf7 28. Rd1 Bd7 29. Bf5 Bxf5 30. exf5 Rh8 31. Bb6 Rh5 32. Ba5 Rg5+ 33. Kh1 Rxf5 34. Bxb4 Rf2 35. Rd2 Rxd2 36. Bxd2 d5 37. Kg2 f5 38. a4 Ke6 39. b4 f4 40. b5 axb5 41. axb5 Bc5 42. Ba5 e4 43. b6 f3+ 44. Kf1 Bd6 45. h4 e3 46. Be1 Kf5 47. b7 d4 48. Kg1 Kg4 49. Kf1 Bh2 0-1

[Event "95th Caplin Hastings Congress"]
[Site "Hastings"]
[Date "2019.12.28"]
[Round "1.15"]
[White "Arkell, Keith C"]
[Black "Anderson, John"]
[Result "1-0"]
[ECO "D36"]
[WhiteElo "2453"]
[BlackElo "2163"]
[Annotator "ChessBase"]
[PlyCount "97"]
[EventDate "2019.12.28"]
[EventType "swiss"]
[EventCountry "ENG"]
[SourceTitle "playchess.com"]
[Source "ChessBase"]
[SourceQuality "1"]
[TimeControl "40/6600+30:3000+30"]

1. Nf3 d5 2. c4 e6 3. cxd5 exd5 4. d4 c6 5. Nc3 Nf6 6. Qc2 g6 7. Bg5 Be7 8. Bxf6 Bxf6 9. e3 Bf5 10. Bd3 Bxd3 11. Qxd3 O-O 12. b4 Nd7 13. b5 c5 14. Nxd5 cxd4 15. Nxf6+ Nxf6 16. Nxd4 Qd6 17. O-O Rfe8 18. Rfd1 Rad8 19. h3 Re5 20. Rac1 Rd5 21. Rc2 h5 22. Rdc1 Rd7 23. Rc8+ Kg7 24. Qc2 Qe5 25. Ra8 b6 26. Qc8 Rd8 27. Qxd8 Rxd8 28. Rxd8 Qe7 29. Rdc8 Qa3 30. R1c2 Ne4 31. R8c7 Nc5 32. g3 Qa4 33. Kh2 Kf6 34. h4 Kg7 35. Kg2 Kf6 36. Re2 Kg7 37. Rd2 Ne4 38. Ne6+ Kf6 39. Rd4 Qxa2 40. Rxe4 fxe6 41. Rf4+ Ke5 42. Rd7 Qa5 43. Rff7 Qxb5 44. Rd4 Qe2 45. Rxa7 g5 46. hxg5 Kf5 47. Rf4+ Kxg5 48. Rg7+ Kh6 49. Re7 1-0

[Event "95th Caplin Hastings Congress"]
[Site "Hastings"]
[Date "2019.12.28"]
[Round "1.16"]
[White "Sucikova, Svetlana"]
[Black "Flear, Glenn C"]
[Result "1/2-1/2"]
[ECO "A13"]
[WhiteElo "2160"]
[BlackElo "2440"]
[Annotator "ChessBase"]
[PlyCount "98"]
[EventDate "2019.12.28"]
[EventType "swiss"]
[EventCountry "ENG"]
[SourceTitle "playchess.com"]
[Source "ChessBase"]
[SourceQuality "1"]
[TimeControl "40/6600+30:3000+30"]

1. c4 e6 2. g3 d5 3. Bg2 Nf6 4. Nf3 dxc4 5. Qa4+ c6 6. Qxc4 b5 7. Qb3 Bb7 8. O-O Be7 9. Ne5 O-O 10. Rd1 Qd4 11. Qc3 Qb6 12. b3 c5 13. Bb2 Rd8 14. a4 Bxg2 15. Kxg2 Nc6 16. Qf3 Nxe5 17. Bxe5 c4 18. bxc4 bxc4 19. Nc3 Qc5 20. Bxf6 gxf6 21. Rab1 Rab8 22. Qf4 Rb6 23. Rxb6 axb6 24. Rb1 f5 25. Rb5 Qc6+ 26. Kg1 Bf6 27. Qe3 Rd4 28. Qh6 Bg7 29. Qg5 h6 30. Qe3 Kh7 31. Nb1 Qd6 32. Qc3 Re4 33. Qf3 Bd4 34. e3 Bc5 35. Qe2 Rg4 36. h3 Rg8 37. Qxc4 f4 38. Qxf4 Qxf4 39. exf4 Rxg3+ 40. Kh2 Bxf2 41. Rxb6 Rd3 42. Rb4 Be1 43. a5 Bxd2 44. Nxd2 Rxd2+ 45. Kg3 Ra2 46. Rb5 Kg6 47. Kh4 Ra4 48. Kg3 Ra3+ 49. Kg2 Ra2+ 1/2-1/2

[Event "95th Caplin Hastings Congress"]
[Site "Hastings"]
[Date "2019.12.28"]
[Round "1.17"]
[White "Fishbein, Alexander"]
[Black "Graham, David B"]
[Result "1-0"]
[ECO "E62"]
[WhiteElo "2435"]
[BlackElo "2152"]
[Annotator "NA"]
[PlyCount "81"]
[EventDate "2019.12.28"]
[EventType "swiss"]
[EventCountry "ENG"]
[SourceTitle "playchess.com"]
[Source "ChessBase"]
[SourceQuality "1"]
[TimeControl "40/6600+30:3000+30"]

1. Nf3 Nf6 2. c4 g6 3. Nc3 Bg7 4. g3 d6 5. Bg2 O-O 6. d4 Nc6 7. O-O Bg4 8. d5 Na5 9. Nd2 c5 10. Qc2 a6 11. a4 e5 12. b3 Ne8 13. Bb2 b6 14. Rae1 Ra7 15. f4 exf4 16. gxf4 f5 17. h3 Bh5 18. e4 Bd4+ 19. Kh2 Qh4 20. e5 Re7 21. e6 Nf6 22. Kh1 Bg4 23. Kh2 Nh5 24. Qd3 Bf2 25. Rxf2 Qxf2 26. Qe3 Qxf4+ 27. Qxf4 Nxf4 28. hxg4 Nd3 29. Rb1 Nxb2 30. Rxb2 Nb7 31. gxf5 gxf5 32. b4 Rf6 33. bxc5 bxc5 34. Ne2 Rh6+ 35. Bh3 Rh4 36. Kg3 Rh5 37. Nf4 Rg7+ 38. Kf3 Rhg5 39. Nf1 h6 40. Ne3 Rg3+ 41. Kf2 1-0

[Event "95th Caplin Hastings Congress"]
[Site "Hastings"]
[Date "2019.12.28"]
[Round "1.18"]
[White "Fishbein, Mitch"]
[Black "Hebden, Mark L"]
[Result "1/2-1/2"]
[ECO "E97"]
[WhiteElo "2151"]
[BlackElo "2433"]
[Annotator "NA"]
[PlyCount "189"]
[EventDate "2019.12.28"]
[EventType "swiss"]
[EventCountry "ENG"]
[SourceTitle "playchess.com"]
[Source "ChessBase"]
[SourceQuality "1"]
[TimeControl "40/6600+30:3000+30"]

1. Nf3 Nf6 2. c4 g6 3. Nc3 Bg7 4. e4 d6 5. d4 O-O 6. Be2 e5 7. O-O Nc6 8. Be3 Ng4 9. Bg5 f6 10. Bc1 f5 11. Bg5 Qe8 12. exf5 gxf5 13. dxe5 dxe5 14. Nd5 Qf7 15. Bd2 Nf6 16. Ng5 Qd7 17. Bc3 h6 18. Nh3 Ne4 19. Be1 Nd4 20. f3 Ng5 21. Nf2 c6 22. Ne3 Qf7 23. Nc2 c5 24. Nxd4 exd4 25. Nd3 Qe7 26. Bd2 b6 27. Nf4 Qf7 28. Bd3 Bb7 29. Qc2 Rae8 30. Rae1 Bc8 31. Qc1 Be5 32. Nd5 f4 33. Nxf4 Bxf4 34. Rxe8 Bxh2+ 35. Kxh2 Rxe8 36. Kg1 Bf5 37. Qc2 Bxd3 38. Qxd3 Kg7 39. Re1 Rxe1+ 40. Bxe1 Qe6 41. Bg3 Nf7 42. b3 Nd8 43. Kf2 Nc6 44. Qe2 Qg6 45. Qe4 Qxe4 46. fxe4 Kf6 47. Bc7 Ke6 48. Ke2 h5 49. Kd2 Nb4 50. Bb8 Kd7 51. a3 Nc6 52. Bf4 Na5 53. Kc2 Kc6 54. a4 a6 55. Bd2 Nb7 56. Kd3 Kd6 57. Bf4+ Kd7 58. Bg3 Na5 59. Kc2 Nc6 60. Kd2 Nd8 61. Kd3 Ne6 62. Ke2 Kc6 63. Kd3 b5 64. axb5+ axb5 65. cxb5+ Kxb5 66. Bd6 Kb4 67. g3 Kb5 68. Be5 Kc6 69. Kc4 Ng5 70. Kd3 Nf3 71. Bf4 Ng1 72. Kc4 Nh3 73. Bb8 Nf2 74. b4 d3 75. Bf4 cxb4 76. e5 Ne4 77. Kxd3 Kd5 78. Kc2 Nc5 79. Be3 Ne6 80. Bd2 Nd4+ 81. Kd3 Nc6 82. e6 Kxe6 83. Ke4 b3 84. Bc3 Ne7 85. Bb2 Nd5 86. Ba1 Kd6 87. Kf5 Ne3+ 88. Kg5 Nf1 89. Kxh5 Nxg3+ 90. Kg4 Ne4 91. Kf4 Kd5 92. Ke3 Nc5 93. Kd2 Kc4 94. Bh8 Kb4 95. Kc1 1/2-1/2

[Event "95th Caplin Hastings Congress"]
[Site "Hastings"]
[Date "2019.12.28"]
[Round "1.19"]
[White "Merry, Alan B"]
[Black "Eames, Robert S"]
[Result "1-0"]
[ECO "E04"]
[WhiteElo "2420"]
[BlackElo "2150"]
[Annotator "NA"]
[PlyCount "89"]
[EventDate "2019.12.28"]
[EventType "swiss"]
[EventCountry "ENG"]
[SourceTitle "playchess.com"]
[Source "ChessBase"]
[SourceQuality "1"]
[TimeControl "40/6600+30:3000+30"]

1. d4 Nf6 2. c4 e6 3. g3 d5 4. Nf3 dxc4 5. Bg2 Bb4+ 6. Bd2 c5 7. Bxb4 cxb4 8. Ne5 O-O 9. a3 Nc6 10. Bxc6 bxc6 11. axb4 Qb6 12. O-O Qxb4 13. Qd2 Qb7 14. Na3 Rd8 15. Rfd1 c5 16. Qa5 Rd5 17. dxc5 Bd7 18. Naxc4 Be8 19. b4 Ne4 20. Qa3 f6 21. Nd3 Bb5 22. Ne3 Rd4 23. Qb3 Ng5 24. h4 Nf7 25. Nf4 Rxd1+ 26. Rxd1 e5 27. Ne6 Bxe2 28. Rd2 Bb5 29. Nf5 Qe4 30. Ne7+ Kh8 31. Nd8 Bc4 32. Qa4 Nd6 33. cxd6 Rxd8 34. Qd1 Ba6 35. f3 Qxb4 36. Kg2 Bb7 37. Qc1 Rxd6 38. Rb2 Qa3 39. Rxb7 Qd3 40. Rxa7 h5 41. Qe1 Rd4 42. Ra2 e4 43. Qe2 e3 44. Qxd3 Rxd3 45. Re2 1-0

[Event "95th Caplin Hastings Congress"]
[Site "Hastings"]
[Date "2019.12.28"]
[Round "1.20"]
[White "Gutierrez Carmona, Juan Alejandr"]
[Black "Cherniaev, Alexander"]
[Result "0-1"]
[ECO "B00"]
[WhiteElo "2146"]
[BlackElo "2419"]
[Annotator "ChessBase"]
[PlyCount "96"]
[EventDate "2019.12.28"]
[EventType "swiss"]
[EventCountry "ENG"]
[SourceTitle "playchess.com"]
[Source "ChessBase"]
[SourceQuality "1"]
[TimeControl "40/6600+30:3000+30"]

1. e4 b6 2. d4 Bb7 3. Nc3 e6 4. Be3 Bb4 5. f3 d5 6. e5 Nh6 7. a3 Bf8 8. Qd2 Nf5 9. Bf2 c5 10. Bb5+ Nd7 11. Nge2 Be7 12. O-O O-O 13. Rfe1 Rc8 14. Bd3 cxd4 15. Nxd4 Nxd4 16. Bxd4 f6 17. exf6 Bxf6 18. Bb5 a6 19. Bxd7 Qxd7 20. Bxf6 gxf6 21. Rad1 Qc6 22. Qe3 Rce8 23. Rd4 Kh8 24. Rb4 b5 25. Rd1 Rc8 26. Rd2 Qd6 27. Rh4 Rf7 28. Rh6 Qc5 29. Qxc5 Rxc5 30. Ne2 e5 31. c3 Kg7 32. Rh4 Rc4 33. Rxc4 bxc4 34. b4 cxb3 35. Rb2 Bc6 36. Rxb3 Bb5 37. Kf2 Rc7 38. Ke1 Kg6 39. Kd2 Bc4 40. Rb6 Bxe2 41. Kxe2 Rxc3 42. Rxa6 Rc2+ 43. Kf1 Kg5 44. a4 d4 45. a5 Kf4 46. Rxf6+ Ke3 47. g4 d3 48. Rf5 Rc5 0-1

[Event "95th Caplin Hastings Congress"]
[Site "Hastings"]
[Date "2019.12.28"]
[Round "1.21"]
[White "Lalic, Bogdan"]
[Black "Boino, Claudio"]
[Result "1/2-1/2"]
[ECO "D34"]
[WhiteElo "2414"]
[BlackElo "2146"]
[Annotator "NA"]
[PlyCount "29"]
[EventDate "2019.12.28"]
[EventType "swiss"]
[EventCountry "ENG"]
[SourceTitle "playchess.com"]
[Source "ChessBase"]
[SourceQuality "1"]
[TimeControl "40/6600+30:3000+30"]

1. d4 d5 2. c4 e6 3. Nf3 c5 4. cxd5 exd5 5. g3 Nf6 6. Bg2 Nc6 7. O-O Be7 8. Nc3 O-O 9. Bg5 cxd4 10. Nxd4 h6 11. Be3 Re8 12. Qb3 Na5 13. Qc2 Bg4 14. Rad1 Rc8 15. h3 1/2-1/2